 Dungeon Crawl Stone Soup version 0.31-a0-115-g4708a659fe (webtiles) character file.

Game seed: 6826045804671928123

6494 Kenran the Carver (level 10, -4/71 HPs)
             Began as a Vampire Fighter on May 29, 2023.
             Was a Priest of Okawaru.
             Slain by a boulder beetle (15 damage)
             ... on level 11 of the Dungeon.
             The game lasted 00:14:45 (7439 turns).

Kenran the Carver (Vampire Fighter)                 Turns: 7439, Time: 00:14:45

Health: -4/71      AC:  7    Str: 18    XL:     10   Next: 68%
Magic:  11/13      EV: 17    Int: 12    God:    Okawaru [***...]
Gold:   496        SH:  6    Dex: 17    Spells: 9/9 levels left

rFire   + . .        G - +2 broad axe (flame)
rCold   + . .        c - +0 buckler
rNeg    . . .        A - +1 leather armour "Valoyseo" {Str+3 Slay+3}
rPois   .            h - +0 helmet
rElec   .            k - +0 cloak
rCorr   .            (no gloves)
SInv    +            (no boots)
Will    +....        m - amulet of regeneration
Stlth   +++          e - ring of protection from cold
HPRegen 1.31/turn    g - ring of protection from fire
MPRegen 0.13/turn

%: no passive effects
@: heroic, healing quickly
A: alive, fangs 3, see invisible, vampiric 2
a: Exsanguinate, Renounce Religion, Heroism


You were on level 11 of the Dungeon.
You worshipped Okawaru.
Okawaru was most pleased with you.
You visited 2 branches of the dungeon, and saw 12 of its levels.
You also visited: Ossuary and Bailey.

You collected 496 gold pieces.

Inventory:

Hand Weapons
 a - a +0 long sword of protection
 F - the +7 flail of Kimiroigg {venom, +Blink rElec Str+3 Int+3}
   (You found it on level 7 of the Dungeon)

   Str:       It affects your strength (+3).
   Int:       It affects your intelligence (+3).
   rElec:     It insulates you from electricity.
   +Blink:    It lets you blink.
 G - a +2 broad axe of flaming (weapon)
Missiles
 b - a curare-tipped dart (quivered)
Armour
 c - a +0 buckler (worn)
 h - a +0 helmet (worn)
 k - a +0 cloak (worn)
 A - the +1 leather armour "Valoyseo" (worn) {Str+3 Slay+3}
   (You found it on level 6 of the Dungeon)

   Str:       It affects your strength (+3).
   Slay:      It affects your accuracy & damage with ranged weapons and melee
   (+3).
Jewellery
 e - a ring of protection from cold (left hand)
 g - a ring of protection from fire (right hand)
 m - an amulet of regeneration (around neck)
Wands
 B - a wand of iceblast (8)
 C - a wand of flame (47)
Scrolls
 f - 3 scrolls of fear
 j - 4 scrolls of teleportation
 n - a scroll of fog {unknown}
 o - a scroll of vulnerability {unknown}
 q - 3 scrolls of brand weapon
 t - 2 scrolls of immolation {!r}
 y - a scroll of blinking
 D - a scroll of enchant weapon {unknown}
 E - a scroll of butterflies {unknown}
 M - a scroll of magic mapping {unknown}
Potions
 d - 4 potions of might
 i - 7 potions of curing {@q1}
 l - 5 potions of brilliance {unknown}
 p - 9 potions of haste {unknown}
 r - 3 potions of heal wounds {unknown}
 s - 2 potions of attraction {unknown}
 u - a potion of lignification {unknown}
 v - a potion of enlightenment {unknown}
 w - 3 potions of invisibility {unknown}
 x - 3 potions of degeneration {unknown}
 z - 3 potions of mutation {unknown}
 H - a potion of magic {unknown}
 I - a potion of experience {unknown}
 J - 3 potions of cancellation {unknown}
 K - a potion of resistance {unknown}


   Skills:
 - Level 4.0(9.0) Fighting
 - Level 11.1(16.1) Long Blades
 + Level 8.9(13.9) Axes
 - Level 2.4(7.4) Armour
 - Level 5.0(10.0) Dodging
 - Level 2.6(7.6) Shields
 - Level 4.0 Invocations


You had 9 spell levels left.
You didn't know any spells.
Your spell library contained the following spells:

 Spells                   Type           Power      Damage    Failure   Level
 Sandblast                Erth           0%         2d4       43%         1
 Cigotuvi's Dreadful Rot  Necr/Pois/Air  0%         N/A       56%         2
 Passwall                 Tmut/Erth      0%         N/A       56%         2
 Ignite Poison            Fire/Tmut/Pois 0%         N/A       80%         3
 Stone Arrow              Conj/Erth      0%         3d7       80%         3
 Dispel Undead            Necr           0%         3d6       99%         4
 Sticky Flame             Conj/Fire      0%         2d3       99%         4
 Ignition                 Fire           0%         3d3       100%        8
 Death Channel            Necr           Unusable   N/A       N/A         6

Dungeon Overview and Level Annotations

Branches:
Dungeon (11/15)            Temple (1/1) D:6         Ossuary (visited)
 Bailey (visited)
   Lair: D:8-11         Orc: D:9-12

Altars:
Ashenzari
Cheibriados
Fedhas
Gozag
Makhleb
Okawaru
Qazlal
Trog
Vehumet
Wu Jian
Yredelemnul

Shops:
D:9 (

Annotations:
D:7 2 transporters


Innate Abilities, Weirdness & Mutations

Your natural rate of healing is accelerated.
You have razor-sharp teeth.
You have supernaturally acute eyesight. (SInv)
You are afflicted with vampirism and can become a bat while bloodless.


Message History

Okawaru accepts your kill.
No target in view!
No target in view!
There is a stone staircase leading up here.
You feel yourself speed up.
J - 3 grey potions (gained 1)
Found an escape hatch in the ceiling.
Found a stone staircase leading up.
A boulder beetle comes into view.
Found a scroll of amnesia.
Found a stone staircase leading down.
Partly explored, can't reach some items and places.
Partly explored, can't reach some items and places.
Really walk into a travel-excluded area?
Really walk into a travel-excluded area? [Y]es or [N]o only, please.
Really walk into a travel-excluded area? [Y]es or [N]o only, please.
Really walk into a travel-excluded area?
Okay, then.
Unknown command.
The boulder beetle curls into a ball and begins rolling!
The boulder beetle hits you!!
The boulder beetle stops rolling and uncurls.
You slash the boulder beetle! You burn the boulder beetle.
The boulder beetle is moderately wounded.
The boulder beetle bites you!!
You are too injured to fight recklessly!
You hit the boulder beetle but do no damage.
The boulder beetle is moderately wounded.
The boulder beetle bites you!
* * * LOW HITPOINT WARNING * * *
You hit the boulder beetle but do no damage.
The boulder beetle is moderately wounded.
The boulder beetle bites you!
* * * LOW HITPOINT WARNING * * *
You block the boulder beetle's attack.
You gain the combat prowess of a mighty hero.
The boulder beetle bites you!
You die...

#...# ..........#
....##
##########.#.# ##...
#..........#.# ##..
#.##########«# # #.#
#.# #. #.# #.#
####?##.# #.#
......!.### #.#
.......@..########<#
####..B.......>..
#..###.####### .....
..# .###.. ##.# #..
#.. #. #.. #..# ....


You could see a boulder beetle.

Vanquished Creatures
  A hydra (D:8)
  Joseph (D:7)
  Maggie (D:7)
  A hornet (D:9)
  2 dream sheep (D:8)
  Prince Ribbit (D:7)
  3 wraiths
  A shadow (D:9)
  A vampire (D:8)
  Menkaure (D:4)
  2 water moccasins
  2 orc warriors
  2 black bears (D:5)
  3 sky beasts
  2 ogres
  2 phantoms (D:5)
  5 kobold brigands
  An elf zombie (Ossuary)
  4 bullfrogs
  2 scorpions (D:6)
  8 wights
  4 howler monkeys
  A centaur zombie (Ossuary)
  3 hounds
  A jelly (D:6)
  4 orc priests
  3 sleepcaps
  Crazy Yiuf (D:7)
  3 human zombies (Ossuary)
  3 iguanas (D:6)
  Natasha (thrice) (D:4)
  6 orc wizards
  3 mummies
  14 gnolls
  11 adders
  A shadow imp (D:5)
  A white imp (D:7)
  2 ufetubi (D:5)
  An adder zombie (Ossuary)
  2 worms
  3 dart slugs
  38 orcs
  4 bats
  5 endoplasms
  4 giant cockroaches (D:1)
  15 goblins
  9 hobgoblins
  5 jackals
  10 kobolds
  A quokka (D:1)
  9 ball pythons
  2 frilled lizards (D:3)
  4 goblin zombies (Ossuary)
  8 hobgoblin zombies (Ossuary)
  2 jackal zombies (Ossuary)
  9 kobold zombies
  10 orc zombies
  4 rats
255 creatures vanquished.

Notes
Turn   | Place    | Note
-------+----------+-------------------------------------------
     0 | D:1      | Kenran the Vampire Fighter began the quest for the Orb.
     0 | D:1      | Reached XP level 1. HP: 17/17 MP: 1/1
    86 | D:1      | Reached XP level 2. HP: 23/23 MP: 2/2
   106 | D:1      | Reached skill level 3 in Long Blades
   231 | D:1      | Gained mutation: You are afflicted with vampirism and can
                  | become a bat while bloodless. [Vampire growth]
   231 | D:1      | Reached XP level 3. HP: 28/28 MP: 3/3
   765 | D:2      | Reached skill level 4 in Long Blades
   868 | D:2      | Reached XP level 4. HP: 29/34 MP: 4/4
  1233 | D:3      | Found a burning altar of Makhleb.
  1268 | D:3      | Noticed an angel
  1269 | D:3      | Noticed a balrug
  1466 | D:3      | Reached skill level 5 in Long Blades
  1567 | D:3      | Found a snail-covered altar of Cheibriados.
  1648 | D:3      | Reached XP level 5. HP: 26/39 MP: 5/5
  1874 | D:4      | Noticed Menkaure
  1881 | D:4      | Killed Menkaure
  1882 | D:4      | Reached skill level 6 in Long Blades
  1882 | D:4      | Reached XP level 6. HP: 17/46 MP: 6/6
  2044 | D:4      | Found a sand-covered staircase.
  2069 | Ossuary  | Entered an ossuary
  2268 | Ossuary  | Reached skill level 7 in Long Blades
  2362 | Ossuary  | Reached XP level 7. HP: 49/51 MP: 7/7
  2396 | D:4      | Noticed Natasha
  2403 | D:4      | Killed Natasha
  2557 | D:4      | Noticed Natasha
  2569 | D:4      | Killed Natasha
  2570 | D:4      | Reached skill level 8 in Long Blades
  2868 | D:4      | Noticed Natasha
  2875 | D:4      | Killed Natasha
  2920 | D:5      | Entered Level 5 of the Dungeon
  3110 | D:5      | Reached skill level 9 in Long Blades
  3399 | D:5      | Found a broken altar of Ashenzari.
  3575 | D:5      | Reached XP level 8. HP: 56/57 MP: 8/8
  3609 | D:5      | Reached skill level 10 in Long Blades
  3769 | D:6      | Identified the +1 leather armour "Valoyseo" {Str+3 Slay+3}
  3775 | D:6      | Found a staircase to the Ecumenical Temple.
  3882 | D:6      | Reached skill level 1 in Dodging
  3887 | Temple   | Entered the Ecumenical Temple
  3900 | Temple   | Became a worshipper of Warmaster Okawaru
  3937 | D:6      | Found a bloodstained altar of Trog.
  4265 | D:6      | Reached skill level 5 in Dodging
  4272 | D:6      | Reached skill level 1 in Invocations
  4278 | D:6      | Reached * piety under Okawaru
  4305 | D:7      | Reached XP level 9. HP: 64/65 MP: 9/11
  4462 | D:7      | Found a runed translucent door.
  4463 | D:7      | Noticed Crazy Yiuf
  4674 | D:7      | Identified the +7 flail of Kimiroigg {venom, +Blink rElec
                  | Str+3 Int+3}
  4713 | D:7      | Noticed Prince Ribbit
  4715 | D:7      | Noticed Maggie
  4729 | D:7      | Killed Maggie
  4729 | D:7      | Reached ** piety under Okawaru
  4734 | D:7      | Killed Prince Ribbit
  4735 | D:7      | Reached skill level 11 in Long Blades
  4788 | D:7      | Found a transporter.
  4788 | D:7      | Noticed a kobold demonologist
  4795 | D:7      | Noticed a kobold demonologist
  4807 | D:7      | Noticed Joseph
  4808 | D:7      | Found a transporter.
  4819 | D:7      | Killed Joseph
  4962 | D:7      | Killed Crazy Yiuf
  5061 | D:8      | Identified the +7 mace "Qionob" {flame, rF+}
  5089 | D:8      | Found a flagged portal.
  5105 | Bailey   | Entered a bailey
  5481 | D:8      | Found a blossoming altar of Fedhas.
  5481 | D:8      | Found an ornate altar of the Wu Jian Council.
  5685 | D:8      | Reached skill level 5 in Axes
  5685 | D:8      | Reached XP level 10. HP: 27/68 MP: 13/13
  5790 | D:8      | Found a radiant altar of Vehumet.
  5890 | D:8      | Noticed a three-headed hydra
  5899 | D:8      | Killed a one-headed hydra
  5899 | D:8      | Reached *** piety under Okawaru
  6122 | D:9      | Noticed a skeletal warrior
  6122 | D:9      | Noticed a skeletal warrior
  6418 | D:9      | Found Ubavaeth's Weapon Shop.
  6445 | D:9      | Identified the +6 whip "Nagun" {holy, Fragile rC+ Str+4}
  6763 | D:10     | Entered Level 10 of the Dungeon
  7424 | D:11     | Noticed a boulder beetle
  7439 | D:11     | Slain by a boulder beetle

Illustrated notes

Levels and vault maps discovered:
D:1:      saegor_arrival_simple_a, layout_basic, st_stairs_8
D:2:      layout_rooms
D:3:      kennysheep_six_static_rooms, layout_rooms,
          grunt_temple_overflow_order_and_chaos_2, slow_altar_2
D:4:      layout_basic, nicolae_ossuary_entry_giza, minivault_14, uniq_natasha,
          uniq_menkaure
D:5:      nicolae_cairo_tiling_large_dashed, layout_cave_pools,
          mainiacjoe_overflow_24_doors, amethyst_killhole
D:6:      layout_cave_pools, mainiacjoe_overflow_catwalk,
          minmay_temple_entry_statues_fountains
D:7:      gammafunk_wand_slinger, layout_gridville, kennysheep_generic_room_4,
          uniq_joseph, uniq_maggie, uniq_crazy_yiuf_cottage, uniq_prince_ribbit1
D:8:      layout_cave_pools, chequers_temple_overflow_statue_of_worship,
          mainiacjoe_overflow_brackets, enter_bailey_3, hangedman_ranch
D:9:      layout_grid_maze, serial_shops, nicolae_shop_behind_doors
D:10:     layout_cave_pods
D:11:     layout_loops_ring, erik_lair_dragon
Temple:   nicolae_temple_superstar

Skill      XL: |  1  2  3  4  5  6  7  8  9 10 |
---------------+-------------------------------+-----
Long Blades    | 3 4 5 6 7 9 10 11 | 11.1
Fighting       | 4 |  4.0
Dodging        | 5 |  5.0
Invocations    | 2 4 |  4.0
Axes           | 5 8 |  8.9
Armour         | |  2.4
Shields        | |  2.6

Action                     |  1- 3 |  4- 6 |  7- 9 | 10-12 || total
---------------------------+-------+-------+-------+-------++-------
  Melee: Long sword        |   115 |   277 |   422 |    37 ||   851
         Bite              |    11 |    27 |    62 |    12 ||   112
         Broad axe         |       |       |       |   100 ||   100
  Throw: Dart              |       |       |     2 |       ||     2
 Invoke: Heroism           |       |       |     1 |     2 ||     3
    Use: Scroll            |     1 |     2 |     5 |     1 ||     9
         Potion            |       |       |     3 |       ||     3
   Stab: Sleeping          |       |       |     8 |       ||     8
 Armour: Scale mail        |    59 |    44 |       |       ||   103
         Chain mail        |       |   109 |   107 |       ||   216
         Leather armour    |       |       |    81 |    26 ||   107
  Dodge: Dodged            |    40 |    66 |   186 |    74 ||   366
  Block: Buckler           |    25 |    52 |   101 |    20 ||   198

Table legend: (Time is in decaauts)
 A = Elapsed time spent in this place.
 B = Non-inter-level travel time spent in this place.
 C = Inter-level travel time spent in this place.
 D = Time resting spent in this place.
 E = Time spent auto-exploring this place.
 F = Levels seen in this place.
 G = Mean time per level.
                   A        B        C        D        E       F      G
               +--------+--------+--------+--------+--------+-----+--------+
         Total |   7552 |   7234 |    318 |    168 |   4457 |  14 |  539.4 |
       Dungeon |   6847 |   6541 |    306 |    113 |   4336 |  11 |  622.5 |
        Temple |     26 |     14 |     12 |      0 |      0 |   1 |   26.0 |
       Ossuary |    320 |    320 |      0 |     26 |     59 |   1 |  320.0 |
        Bailey |    357 |    357 |      0 |     29 |     62 |   1 |  357.0 |
               +--------+--------+--------+--------+--------+-----+--------+

Top non-repeatable levels by time:
     D:9: 776 daAuts
     D:4: 752 daAuts
     D:1: 724 daAuts
     D:5: 724 daAuts
     D:3: 722 daAuts
     D:6: 670 daAuts
     D:8: 664 daAuts
     D:7: 645 daAuts
    D:10: 591 daAuts
     D:2: 469 daAuts
  Bailey: 357 daAuts
 Ossuary: 320 daAuts
    D:11: 104 daAuts
  Temple: 26 daAuts
